 Dungeon Crawl Stone Soup version 0.31-a0-986-g5e6e4ef867 (webtiles) character file.

Game seed: 15012158129067727329

18 p00ps00p the Trooper (level 2, -1/27 HPs)
             Began as a Hill Orc Fighter on Nov 10, 2023.
             Slain by a kobold
             ... wielding a +3 dagger
              (6 damage)
             ... on level 2 of the Dungeon.
             The game lasted 00:01:22 (916 turns).

p00ps00p the Trooper (Hill Orc Fighter)              Turns: 916, Time: 00:01:24

Health: -1/27      AC:  6    Str: 18    XL:     2   Next: 66%
Magic:  2/2        EV:  9    Int:  8    God:
Gold:   15         SH:  4    Dex: 10    Spells: 1/1 levels left

rFire   + . .        a - +0 war axe
rCold   + . .        c - +0 buckler
rNeg    . . .        b - +0 scale mail
rPois   .            (no helmet)
rElec   .            e - scarf {rC+ rF+}
rCorr   .            (no gloves)
SInv    .            (no boots)
Will    .....        (no amulet) Stlth
                     (no ring)
HPRegen 0.24/turn    (no ring)
MPRegen 0.08/turn

%: no passive effects
@: no status effects
A: no striking features
a: no special abilities


You were on level 2 of the Dungeon.
You visited 1 branch of the dungeon, and saw 2 of its levels.

You collected 15 gold pieces.

Inventory:

Hand Weapons
 a - a +0 war axe (weapon)
Armour
 b - a +0 scale mail (worn)
 c - a +0 buckler (worn)
 e - a scarf of resistance (worn)
Scrolls
 f - a scroll of revelation {unknown}
Potions
 d - a potion of might
 g - 2 potions of mutation {unknown}


   Skills:
 + Level 3.9 Fighting
 + Level 3.1 Axes
 + Level 3.5 Armour
 + Level 3.5 Shields


You had one spell level left.
You didn't know any spells.
Your spell library contained the following spells:

 Spells                   Type           Power      Damage    Failure   Level
 Inner Flame              Hex/Fire       0%         N/A       99%         3
 Flame Wave               Conj/Fire      0%         2d4       100%        4
 Sticky Flame             Conj/Fire      0%         2d3       100%        4


Dungeon Overview and Level Annotations

Branches:
Dungeon (2/15)

Altars:

Shops:
D:1 !

Annotations:
D:2 Sigmund


Message History

No target in view!
f - a scroll labelled YDWYEL CIACO
Found a ring mail.
Found a stone staircase leading down.
No target in view!
No target in view!
No target in view!
Found a ring mail.
You see here a +0 ring mail.
Found a stone staircase leading up.
You now have 15 gold pieces.
g - 2 viscous amethyst potions (gained 1)
Found a stone staircase leading down.
Sigmund the Dreaded comes into view.
He is wielding a +0 scythe.
Sigmund shouts!
A frilled lizard comes into view.
There are monsters nearby!
The frilled lizard hisses angrily.
Sigmund points at you and mumbles some strange words.
The magic dart hits you!
A kobold comes into view. It is wielding a +3 dagger.
Found 3 gold pieces.
The kobold shouts!
Sigmund flickers, as though insubstantial.
Sigmund gestures wildly while chanting.
Sigmund flickers and vanishes!
Deactivating autopickup; reactivate with Ctrl-A.
You barely miss the frilled lizard. Something hits you!
You block the frilled lizard's attack.
You slash the frilled lizard!
You kill the frilled lizard!
Something hits you. The kobold hits you with a +3 dagger.
You barely miss something. You hit the kobold but do no damage.
You hear some strange, mumbled words.
A puff of flame appears from out of thin air!
The puff of flame hits you. You resist.
* * * LOW HITPOINT WARNING * * *
The kobold misses you. The kobold hits you with a +3 dagger.
You die...

# #..
.....##############
......{@..........#
......K##########.#
.....$. ########.#
....... #....>...#
......#
#.######.######
.....# #.# #.......
.....#####.##
#.######
#..#.#......# #.#
#.#..##..#####.######


You could see a kobold.

Vanquished Creatures
  3 ball pythons (D:1)
  An endoplasm (D:1)
  3 goblins (D:1)
  2 jackals (D:1)
  A quokka (D:1)
  2 frilled lizards
  A kobold (D:1)
  3 rats (D:1)
16 creatures vanquished.

Notes
Turn   | Place    | Note
-------+----------+-------------------------------------------
     0 | D:1      | p00ps00p the Hill Orc Fighter began the quest for the Orb.
     0 | D:1      | Reached XP level 1. HP: 19/19 MP: 1/1
   232 | D:1      | Reached XP level 2. HP: 26/27 MP: 2/2
   383 | D:1      | Found Wotoxoc's Distillery.
   908 | D:2      | Noticed Sigmund
   916 | D:2      | Slain by a kobold

Illustrated notes

Levels and vault maps discovered:
D:1:      dpeg_arrival_short_road, layout_basic, serial_shops, shop
D:2:      layout_loops_ring, ebering_ecumenical_altar_mist, uniq_sigmund

Skill      XL: |  1 |
---------------+----+-----
Axes           | 3 |  3.1
Fighting       | |  3.9
Armour         | |  3.5
Shields        | |  3.5

Action                     || total
---------------------------++-------
  Melee: War axe           ||    37
    Use: Scroll            ||     2
 Armour: Scale mail        ||    26
  Dodge: Dodged            ||    15
  Block: Buckler           ||    11

Table legend: (Time is in decaauts)
 A = Elapsed time spent in this place.
 B = Non-inter-level travel time spent in this place.
 C = Inter-level travel time spent in this place.
 D = Time resting spent in this place.
 E = Time spent auto-exploring this place.
 F = Levels seen in this place.
 G = Mean time per level.
                   A        B        C        D        E       F      G
               +--------+--------+--------+--------+--------+-----+--------+
         Total |    930 |    892 |     38 |     34 |    732 |   2 |  465.0 |
       Dungeon |    930 |    892 |     38 |     34 |    732 |   2 |  465.0 |
               +--------+--------+--------+--------+--------+-----+--------+

Top non-repeatable levels by time:
     D:1: 817 daAuts
     D:2: 112 daAuts
